 Dungeon Crawl Stone Soup version 0.29.1-2-gbd0b4ee654 (webtiles) character file.

Game seed: 5755225401733193189

20 H0rd4k the Charlatan (level 2, 0/19 HPs)
             Began as an Octopode Artificer on Nov 22, 2022.
             Constricted to death by a ball python (1 damage)
             ... on level 1 of the Dungeon.
             The game lasted 00:00:36 (1046 turns).

H0rd4k the Charlatan (Octopode Artificer)           Turns: 1046, Time: 00:00:36

Health: 0/19       AC:  1    Str: 11    XL:     2   Next: 79%
Magic:  3/3        EV: 10    Int: 13    God:
Gold:   60         SH:  0    Dex: 12    Spells: 3/3 levels left

rFire   . . .      SeeInvis .   (no weapon)
rCold   . . .      Faith    .   (no shield)
rNeg    . . .      Spirit   .   (helmet restricted)
rPois   .          Reflect  .   (no amulet)
rElec   .          Harm     .   (no ring)
rCorr   .          Rampage  .   (no ring)
Will    .....                   (no ring)
Stlth   +++.......              (no ring)
HPRegen 0.06/turn               (no ring)
MPRegen 0.08/turn               (no ring)
                                (no ring)
                                (no ring)

@: constricted
A: almost no armour, amphibious, 8 rings, camouflage 1, gelatinous body 1,
(nimble swimmer 1), tentacles
a: no special abilities


You were on level 1 of the Dungeon.
You visited 1 branch of the dungeon, and saw 1 of its levels.

You collected 60 gold pieces.

Inventory:

Jewellery
 h - an amulet of magic regeneration
Wands
 b - a wand of flame (15) (quivered)
 c - a wand of charming (15)
 d - a wand of iceblast (5)
Scrolls
 a - a scroll of immolation {unknown}
 e - a scroll of teleportation {unknown}
 f - a scroll of identify {unknown}
 g - a scroll of blinking {unknown}
 j - a scroll of amnesia {unknown}
Potions
 i - 2 potions of mutation {unknown}


   Skills:
 * Level 2.1 Fighting
 - Level 2.3 Dodging
 - Level 1.3 Stealth
 + Level 0.2 Unarmed Combat
 * Level 1.1 Spellcasting
 - Level 3.2 Evocations


You had 3 spell levels left.
You didn't know any spells.
Your spell library was empty.

Dungeon Overview and Level Annotations

Branches:
Dungeon (1/15)

Altars:


Innate Abilities, Weirdness & Mutations

You cannot wear most types of armour.
You are amphibious.
You can wear up to eight rings at the same time.
Your skin changes colour to match your surroundings (Stealth+).
Your rubbery body absorbs attacks. (AC +1, EV +1)
((You are camouflaged when in or above water. (Stealth+)))
You have tentacles for arms and can constrict up to eight enemies at once.


Message History

The ball python constricts you. The kobold closely misses you.
There are monsters nearby!
You tentacle-slap the ball python.
You kill the ball python!
The kobold closely misses you.
There are monsters nearby!
You barely miss the ball python. Your grab misses the ball python.
The ball python barely misses you. The ball python misses you.
The kobold hits you with a +0 whip. The ball python barely misses you.
The ball python grabs you. The ball python constricts you.
The ball python closely misses you. The ball python constricts you.
You escape the ball python's grasp.
The kobold attacks as you move away! The kobold hits you with a +0 whip.
You tentacle-slap the kobold but do no damage.
You grab the kobold. You constrict the kobold. The kobold misses you.
You tentacle-slap the kobold but do no damage.
The kobold is severely wounded.
You constrict the kobold.
You kill the kobold!
The ball python misses you. The ball python closely misses you.
You barely miss the ball python. Your grab misses the ball python.
The ball python misses you. The ball python grabs you.
The ball python constricts you.
You barely miss the ball python. You grab the ball python.
You constrict the ball python, but do no damage.
The ball python bites you.
* * * LOW HITPOINT WARNING * * *
The ball python constricts you.
* * * LOW HITPOINT WARNING * * *
You tentacle-slap the ball python but do no damage.
You constrict the ball python. The ball python bites you.
* * * LOW HITPOINT WARNING * * *
The ball python constricts you.
* * * LOW HITPOINT WARNING * * *
You tentacle-slap the ball python.
The ball python is heavily wounded.
You constrict the ball python. The ball python barely misses you.
The ball python constricts you.
You die...

#.# #### #.# #... #.#
## #.## #.# . #...
#.###### .# ###.
#......# ###.### # #.
######.# #.....
#.#####. ##.#####.#.#
#....... #.....@S...#
####.... #.#.####.###
####.... #.#.# #..$
#....... #.#.# #####
#.##.... #.#.# #.##....
#.#.# ##(##....
#.#.###########...####.
#.#................# #.
#.#############....# #.


You could see a ball python.

Vanquished Creatures
  A ball python (D:1)
  3 endoplasms (D:1)
  2 giant cockroaches (D:1)
  A goblin (D:1)
  3 hobgoblins (D:1)
  A quokka (D:1)
  A frilled lizard (D:1)
  3 kobolds (D:1)
  3 rats (D:1)
18 creatures vanquished.

Notes
Turn   | Place    | Note
-------+----------+-------------------------------------------
     0 | D:1      | H0rd4k the Octopode Artificer began the quest for the Orb.
     0 | D:1      | Reached XP level 1. HP: 13/13 MP: 1/1
   142 | D:1      | Reached XP level 2. HP: 14/19 MP: 2/2
   591 | D:1      | Reached skill level 1 in Spellcasting
  1046 | D:1      | Constricted to death by a ball python

Illustrated notes

Levels and vault maps discovered:
D:1:      lemuel_arrival_behind_the_door_large, layout_loops_ring

Skill      XL: |  1  2 |
---------------+-------+-----
Fighting       | 2 |  2.1
Spellcasting   | 1 |  1.1
Dodging        | |  2.3
Stealth        | |  1.3
Unarmed Combat | |  0.2
Evocations     | |  3.2

Action                   || total
-------------------------++-------
Melee: Unarmed           ||    46
       Constrict         ||    14
       Tentacles         ||    14
 Stab: Sleeping          ||     3
Armor: Skin              ||     1
Dodge: Dodged            ||    29
